 Dungeon Crawl Stone Soup version 0.29.1-12-g30fa7ad0bf (webtiles) character file.

Game seed: 7543388779031538463

235532 croobank the Impregnable (level 18, -1/176 HPs)
             Began as a Minotaur Fighter on Dec 24, 2022.
             Was an Elder of Qazlal.
             Succumbed to a green very ugly thing's poison
             ... on level 3 of the Abyss.
             The game lasted 02:10:23 (33485 turns).

croobank the Impregnable (Minotaur Fighter)        Turns: 33485, Time: 02:10:24

Health: -1/176     AC: 39    Str: 35    XL:     18   Next: 91%
Magic:  22/28      EV:  7    Int:  5    God:    Qazlal [****..]
Gold:   699        SH: 25    Dex: 10    Spells: 17/17 levels left

rFire   + + .      SeeInvis +   M - +4 broad axe (flame)
rCold   + + .      Faith    .   t - +1 tower shield {AC+3}
rNeg    . . .      Spirit   .   h - +3 crystal plate armour {rC+}
rPois   .          Reflect  .   w - +2 hat {SInv}
rElec   .          Harm     .   J - scarf {rC+ rF+}
rCorr   .          Rampage  .   l - +0 pair of gloves
Will    +....                   m - +0 pair of boots
Stlth   ..........              V - amulet of regeneration
HPRegen 1.19/turn               S - ring of flight
MPRegen 0.21/turn               q - +6 ring of strength

@: lethally poisoned (-1 -> -55), flying, studying Evocations, invisible, repel
missiles, unable to drink
A: horns 2, retaliatory headbutt, fire resistance 1, sense surroundings 1,
MP-powered wands, [inability to drink after injury 2]
}: 1/15 runes: serpentine
a: Renounce Religion, Upheaval, Elemental Force


You were on level 3 of the Abyss.
You worshipped Qazlal.
Qazlal was greatly pleased with you.
You visited 5 branches of the dungeon, and saw 29 of its levels.
You visited the Abyss 1 time.
You visited 1 bazaar.
You also visited: Ossuary and Ice Cave.

You collected 3394 gold pieces.
You spent 2695 gold pieces at shops.

Inventory:

Hand Weapons
 f - a +3 executioner's axe
 p - a +2 antimagic trident
 M - a +4 broad axe of flaming (weapon)
Missiles
 B - 8 curare-tipped darts (quivered)
Armour
 h - a +3 crystal plate armour of cold resistance (worn)
 l - a +0 pair of gloves (worn)
 m - a +0 pair of boots (worn)
 t - a +1 tower shield of protection (worn)
 w - a +2 hat of see invisible (worn)
 D - the +7 scale mail of Impressiveness {rElec Will- Dex+9}
   (You found it on level 5 of the Dungeon)

   Dex:       It affects your dexterity (+9).
   rElec:     It insulates you from electricity.
   Will:      It decreases your willpower.
 J - a scarf of resistance (worn)
Jewellery
 j - a +6 ring of strength
 q - a +6 ring of strength (right hand)
 v - an amulet of reflection
 z - a +4 ring of evasion
 A - a ring of resist corrosion
 E - a ring of protection from cold
 K - a ring of poison resistance
 L - a ring of see invisible
 S - a ring of flight (left hand)
 V - an amulet of regeneration (around neck)
 Y - a ring of protection from cold
Wands
 a - a wand of roots (20)
 b - a wand of mindburst (7)
 c - a wand of polymorph (9)
 u - a wand of flame (33)
 y - a wand of acid (13)
 T - a wand of digging (4)
 W - a wand of charming (1)
Scrolls
 d - 2 scrolls of magic mapping
 e - 22 scrolls of teleportation
 F - 5 scrolls of vulnerability
 G - 4 scrolls of torment
 H - 6 scrolls of amnesia
 P - 3 scrolls of poison
 Q - a scroll of silence
 R - 7 scrolls of fear
 X - 2 scrolls of immolation
Potions
 g - 7 potions of mutation
 k - 6 potions of haste
 o - 8 potions of attraction
 r - 2 potions of heal wounds
 s - 11 potions of curing
 x - 8 potions of cancellation
 C - 4 potions of lignification
 N - 6 potions of might
 O - 3 potions of ambrosia
 U - 5 potions of resistance
Miscellaneous
 Z - a piece from Xom's chessboard (15/15)


   Skills:
 * Level 19.0 Fighting
 - Level 18.0 Axes
 * Level 21.0 Armour
 * Level 19.1 Shields
 * Level 15.5 Invocations
 + Level 9.1 Evocations


You had 17 spell levels left.
You didn't know any spells.
Your spell library contained the following spells:

 Spells                   Type           Power      Damage    Failure   Level
 Magic Dart               Conj           0%         1d3       100%        1
 Blink                    Tloc           0%         N/A       100%        2
 Scorch                   Fire           0%         2d5       100%        2
 Static Discharge         Conj/Air       0%         3-3/arc   100%        2
 Sublimation of Blood     Necr           0%         N/A       100%        2
 Conjure Flame            Conj/Fire      0%         6-21      100%        3
 Gell's Gravitas          Tloc           0%         N/A       100%        3
 Ignite Poison            Fire/Tmut/Pois 0%         N/A       100%        3
 Inner Flame              Hex/Fire       0%         N/A       100%        3
 Lesser Beckoning         Tloc           0%         N/A       100%        3
 Mephitic Cloud           Conj/Pois/Air  0%         N/A       100%        3
 Ozocubu's Armour         Ice            0%         N/A       100%        3
 Teleport Other           Tloc           0%         N/A       100%        3
 Cause Fear               Hex            0%         N/A       100%        4
 Dispel Undead            Necr           0%         3d6       100%        4
 Flame Wave               Conj/Fire      0%         2d4       100%        4
 Hailstorm                Conj/Ice       0%         3d3       100%        4
 Ice Form                 Ice/Tmut       0%         N/A       100%        4
 Iskenderun's Mystic Bla  Conj/Tloc      0%         2d3       100%        4
 Passage of Golubria      Tloc           0%         N/A       100%        4
 Petrify                  Tmut/Erth      0%         N/A       100%        4
 Sticky Flame             Conj/Fire      0%         2d3       100%        4
 Fireball                 Conj/Fire      0%         3d3       100%        5
 Freezing Cloud           Conj/Ice/Air   0%         6-21      100%        5
 Irradiate                Conj/Tmut      0%         3d11      100%        5
 Iskenderun's Battlesphe  Conj           0%         2d6       100%        5
 Manifold Assault         Tloc           0%         N/A       100%        5
 Silence                  Hex/Air        0%         N/A       100%        5
 Conjure Ball Lightning   Conj/Air       0%         3x3d6     100%        6
 Iron Shot                Conj/Erth      0%         9d1       100%        6
 Simulacrum               Ice/Necr       0%         N/A       100%        6
 Summon Cactus Giant      Summ           0%         N/A       100%        6
 Ozocubu's Refrigeration  Ice            0%         4d7       100%        7
 Spellforged Servitor     Conj/Summ      0%         N/A       100%        7
 Discord                  Hex            0%         N/A       100%        8
 Lehudib's Crystal Spear  Conj/Erth      0%         10d2      100%        8
 Chain Lightning          Conj/Air       0%         N/A       100%        9
 Polar Vortex             Ice            0%         N/A       100%        9


Dungeon Overview and Level Annotations

Branches:
Dungeon (15/15)            Temple (0/1) D:7            Lair (5/5) D:11
  Swamp (0/4) Lair:2        Snake (4/4) Lair:2        Slime (0/5) Lair:4
    Orc (2/2) D:10            Elf (3/3) Orc:2        Vaults (0/5) D:13
 Depths (0/4) D:15        Ossuary (visited)           IceCv (visited)

Altars:
Elyvilon
Hepliaklqana
Qazlal
Ru
Sif Muna
Trog
Wu Jian
Xom
Zin
The Shining One

Shops:
D:2 *   D:8 (   Orc:2 [=*!   Snake:1 [

Portals:
Trove: Elf:2 (show abyssal rune of Zot)

Annotations:
D:13 2 transporters, Xyoprad's ghost, journeyman FoFi
Snake:4 1 runed translucent door, FizzleBangTC's ghost, journeyman MeEE


Innate Abilities, Weirdness & Mutations

You have a pair of horns on your head.
You reflexively headbutt those who attack you in melee.
Your flesh is heat resistant. (rF+)
You passively map a small area around you.
You expend magic power (3 MP) to strengthen your wands.
[You sometimes lose the ability to drink potions when taking damage.]


Message History

The starcursed mass touches you but does no damage.
The smoke demon gestures at you.
The sticky flame hits the starcursed mass.
The starcursed mass is covered in liquid flames!
The starcursed mass shudders and is absorbed by its neighbour.
The green very ugly thing punches you.
You are lethally poisoned!
The green very ugly thing poisons you!
A meliai comes into view. It is wielding a +0 hand axe.
The meliai calls down the wrath of its god upon you.
Something smites you!
You feel threatened and lose the ability to drink potions!
* * * LOW HITPOINT WARNING * * *
You cannot drink potions in your current state!
You cannot drink potions in your current state!
As you read the scroll of fear, it crumbles to dust.
You assume a fearsome visage.
The meliai looks frightened!
The green very ugly thing looks frightened!
The purple very ugly thing looks frightened!
The smoke demon looks frightened!
* * * LOW HITPOINT WARNING * * *
You feel extremely sick.
* * * LOW HITPOINT WARNING * * *
You feel extremely sick.
The meliai buzzes angrily.
The starcursed mass burns!
The starcursed mass stops burning.
You block the starcursed mass's attack.
Things that are here:
a +0 hand axe; a +0 robe; a meliai corpse
Okay, then.
Okay, then.
Okay, then.
Okay, then.
Aiming: Charm
Press: ? - help, Shift-Dir - straight line, f - meliai
Aim: a meliai, wielding a +0 war axe and wearing a +0 leather armour (blue smoke, lightly wounded, unable to see you, chance to affect: 76%)
You feel a surge of power!
Your attack snaps the meliai out of its fear.
The meliai is charmed.
You die... . .# #⌠. # ## .yu . ..# yy.

# . ## # #5#
.##. .. # #*#
#.x. #...#
..###u#### .# #
..####.#uy..# #
.
#.#..#...X#§##
###. .#...†@##
# .# ...##
.##.##...## . X
..Y #...###
.##...#X
X....#..# . ..
#3. .#.3...##
.#
....##..#.#..##
.#.##.#
###..##. # # #§
#.. . #.# .# #.


You could see a starcursed mass, a smoke demon (unable to see you, fleeing) and
a friendly meliai (charmed).

Vanquished Creatures
  A hellephant (Abyss:3)
  Zenata (Elf:1)
  Frances (D:12)
  Kirke (Snake:1)
  8 nagarajas
  An orc warlord (Orc:2)
  2 deep elf sorcerers
  A deep elf elementalist (Elf:1)
  A deep elf death mage (Elf:2)
  2 blizzard demons (IceCv)
  2 fire dragons
  Josephine (D:14)
  A great orb of eyes (D:15)
  A deep elf high priest (Elf:1)
  5 vault guards (D:13)
  A rakshasa (D:15)
  The ghost of Kazon the Carver, a journeyman DsGl of Okawaru (D:12)
  2 caustic shrike simulacra (IceCv)
  7 centaur warriors
  A catoblepas (D:15)
  A boulder beetle (D:11)
  3 hydras
  3 two-headed ogres
  15 naga warriors
  9 anacondas
  A vampire mage (D:15)
  24 dancing weapons
  4 orc high priests (Orc:2)
  3 thrashing horrors (Abyss:3)
  9 shock serpents
  Amaemon (D:11)
  18 deep elf knights
  2 salamander mystics
  6 naga sharpshooters
  Lodul (D:14)
  9 sea snakes
  4 skeletal warriors
  An orb spider (shapeshifter) (D:14)
  An obsidian statue (IceCv)
  A bog body (IceCv)
  8 naga ritualists
  12 spriggan simulacra (IceCv)
  A swamp dragon (Lair:5)
  Pikel (D:8)
  12 deep elf archers
  A wizard (D:13)
  21 deep elf zephyrmancers
  A wolf spider (shapeshifter) (D:15)
  8 orc knights
  2 wolf spiders (Lair:5)
  27 deep elf pyromancers
  A salamander (shapeshifter) (D:14)
  6 orc sorcerers
  23 ugly things
  5 salamanders
  9 mana vipers
  2 manticores
  16 elephants
  43 black mambas
  9 guardian serpents
  21 naga magi
  16 cane toads
  2 unseen horrors
  An ice statue (D:10)
  3 gargoyles
  An orange demon (D:11)
  Psyche (D:8)
  9 ice devils (IceCv)
  A yaktaur (D:13)
  An anaconda simulacrum (IceCv)
  A rime drake (Lair:2)
  2 freezing wraiths (IceCv)
  2 tengu conjurers (D:14)
  6 komodo dragons
  A golden dragon simulacrum (IceCv)
  An ancient zyme (Abyss:3)
  6 trolls
  A queen bee (Abyss:3)
  2 hornets (Lair:5)
  4 meliai
  A hornet (shapeshifter) (D:15)
  14 blink frogs
  18 slime creatures
  3 polar bears
  13 dream sheep
  A raiju (Abyss:3)
  5 wraiths
  2 centaur simulacra
  3 air elementals (Elf:1)
  2 shadows
  11 wyverns
  4 fire elementals
  29 yaks
  3 vampires
  A water elemental (Elf:3)
  A dire elephant simulacrum (IceCv)
  Grum (D:9)
  4 steam dragons
  4 basilisks
  8 minotaur simulacra (IceCv)
  3 redbacks (Lair:5)
  A harpy simulacrum (IceCv)
  5 vampire mosquitoes
  9 wargs
  A naga (shapeshifter) (D:14)
  49 nagas
  23 water moccasins
  A water moccasin (shapeshifter) (Elf:1)
  6 acid dragons
  43 orc warriors
  A sky beast (D:7)
  3 black bears
  An ice beast (D:5)
  A swamp drake (Lair:5)
  26 ogres
  3 alligator simulacra (IceCv)
  2 ettin simulacra (IceCv)
  13 wolves
  13 centaurs
  A lemure (D:8)
  An elf zombie (Ossuary)
  7 kobold brigands
  3 gnoll sergeants
  7 bullfrogs
  3 necrophages
  An earth elemental (Elf:2)
  8 deep troll simulacra (IceCv)
  2 scorpions
  4 wights
  4 small abominations (Abyss:3)
  7 killer bees
  A lindwurm simulacrum (IceCv)
  7 electric eels
  2 howler monkeys (D:13)
  A lava snake (Lair:1)
  A centaur zombie (Ossuary)
  4 hounds
  38 orc priests
  2 starcursed masses (Abyss:3)
  15 jellies
  5 gnoll boudas
  9 iguanas
  27 orc wizards
  17 hell rats
  2 mummies (Ossuary)
  35 gnolls
  12 river rats (Lair:1)
  12 adders
  2 white imps
  2 ufetubi (D:6)
  3 adder zombies (Ossuary)
  3 worms
  2 dart slugs
  130 orcs
  7 ball pythons
  15 endoplasms
  3 giant cockroaches
  12 hobgoblins
  5 jackals
  52 kobolds
  10 quokkas
  4 bats
  5 frilled lizards
  5 goblins
  13 hobgoblin zombies (Ossuary)
  A jackal zombie (Ossuary)
  9 kobold zombies (Ossuary)
  5 orc zombies (Ossuary)
  19 rats
  3 rat zombies (Ossuary)
1327 creatures vanquished.

Vanquished Creatures (collateral kills)
  Jorgrun (D:13)
  Gastronok (D:12)
  Aizul (Elf:3)
  A deep elf annihilator (Elf:3)
  A deep elf death mage (Elf:3)
  3 hydras
  2 naga warriors (Snake:4)
  A dancing weapon (Elf:2)
  A soul eater (Abyss:3)
  A deep elf knight (D:13)
  A sixfirhy (Abyss:3)
  2 deep elf archers (Elf:3)
  A deep elf zephyrmancer (Elf:1)
  A salamander (Snake:1)
  A naga mage (Snake:4)
  A tengu conjurer (D:13)
  2 komodo dragons (Lair:5)
  2 slime creatures
  A spriggan (Lair:5)
  3 hogs (Snake:1)
  A naga (Snake:4)
  A quasit (Abyss:3)
  An orc (D:12)
31 creatures vanquished.

Vanquished Creatures (others)
  A deep elf knight (Elf:2)
  A deep elf archer (Elf:3)
  2 deep elf zephyrmancers
  A wizard (D:14)
  An ugly thing (D:15)
  A salamander (Snake:3)
  3 humans (Snake:1)
  A large abomination (Abyss:3)
  3 orcs (D:8)
  28 fungi
  76 plants
  3 starspawn tentacles (Abyss:3)
121 creatures vanquished.

Grand Total: 1479 creatures vanquished

Notes
Turn   | Place    | Note
-------+----------+-------------------------------------------
     0 | D:1      | croobank the Minotaur Fighter began the quest for the Orb.
     0 | D:1      | Reached XP level 1. HP: 19/19 MP: 0/0
   106 | D:1      | Reached XP level 2. HP: 27/27 MP: 1/1
   176 | D:1      | Found a faded altar of an unknown god.
   771 | D:2      | Reached skill level 4 in Armour
   891 | D:2      | Reached XP level 3. HP: 23/33 MP: 2/2
   994 | D:2      | Found Soecagy's Assorted Antiques.
  1389 | D:2      | Reached XP level 4. HP: 41/41 MP: 3/3
  2336 | D:4      | Reached XP level 5. HP: 47/47 MP: 4/4
  2717 | D:4      | Reached skill level 5 in Fighting
  2717 | D:4      | Reached skill level 5 in Armour
  2717 | D:4      | Reached skill level 5 in Shields
  2720 | D:4      | Reached XP level 6. HP: 20/56 MP: 5/5
  3268 | D:5      | Entered Level 5 of the Dungeon
  3316 | D:5      | Noticed an ice beast
  3343 | D:5      | Killed an ice beast
  3344 | D:5      | Reached skill level 5 in Axes
  3346 | D:5      | Reached XP level 7. HP: 24/62 MP: 6/6
  3359 | D:5      | Reached skill level 6 in Armour
  3705 | D:5      | Found an ornate altar of the Wu Jian Council.
  3705 | D:5      | Found a stormy altar of Qazlal.
  3714 | D:5      | Became a worshipper of Qazlal Stormbringer
  3814 | D:5      | Identified the +7 scale mail of Impressiveness {rElec Will-
                  | Dex+9}
  4338 | D:6      | Reached skill level 1 in Invocations
  4467 | D:6      | Reached XP level 8. HP: 68/71 MP: 6/8
  4585 | D:6      | Reached * piety under Qazlal
  4705 | D:6      | Reached ** piety under Qazlal
  4710 | D:6      | Reached skill level 7 in Armour
  5881 | D:7      | Found a hazy altar of Hepliaklqana.
  5893 | D:7      | Reached XP level 9. HP: 73/79 MP: 10/10
  6299 | D:7      | Found a staircase to the Ecumenical Temple.
  7055 | D:8      | Reached *** piety under Qazlal
  7307 | D:8      | Got the Book of Blasts
  7311 | D:8      | Found Vymil's Weapon Boutique.
  7333 | D:8      | Reached skill level 8 in Armour
  7426 | D:8      | Noticed Psyche
  7439 | D:8      | Killed Psyche
  7513 | D:8      | Found a sand-covered staircase.
  7522 | Ossuary  | Entered an ossuary
  7704 | Ossuary  | Reached **** piety under Qazlal
  7754 | Ossuary  | Reached skill level 5 in Invocations
  7945 | Ossuary  | Identified 2 scrolls of acquirement
  7945 | Ossuary  | Acquired a manual of Armour
  7947 | Ossuary  | Acquired a scarf of resistance
  8050 | D:8      | Noticed Pikel
  8063 | D:8      | Killed Pikel
  8064 | D:8      | Reached skill level 9 in Armour
  8064 | D:8      | Reached XP level 10. HP: 83/90 MP: 12/12
  8522 | D:8      | Reached ***** piety under Qazlal
  8592 | D:9      | Reached skill level 10 in Armour
  8738 | D:9      | Noticed a two-headed ogre
  8745 | D:9      | Killed a two-headed ogre
  8749 | D:9      | Reached skill level 10 in Shields
  8758 | D:9      | Reached skill level 11 in Armour
  8759 | D:9      | Reached skill level 10 in Fighting
  8763 | D:9      | Reached XP level 11. HP: 41/99 MP: 7/14
  8997 | D:9      | Noticed Grum
  9011 | D:9      | Killed Grum
  9256 | D:9      | Noticed a two-headed ogre
  9262 | D:9      | Killed a two-headed ogre
  9263 | D:9      | Reached skill level 10 in Axes
  9429 | D:10     | Entered Level 10 of the Dungeon
  9891 | D:10     | Noticed Sonja
  9892 | D:10     | Noticed Sonja
  9892 | D:10     | Sonja changed into Sonja the worm
  9895 | D:10     | Killed Sonja the worm
  9920 | D:10     | Reached skill level 12 in Armour
 10712 | D:10     | Found a staircase to the Orcish Mines.
 11291 | D:11     | Noticed a boulder beetle
 11310 | D:11     | Killed a boulder beetle
 11462 | D:11     | Found a staircase to the Lair.
 11471 | D:11     | Noticed Amaemon
 11484 | D:11     | Killed Amaemon
 11557 | D:11     | Reached skill level 13 in Armour
 11945 | D:11     | Noticed a six-headed hydra
 11955 | D:11     | Killed a six-headed hydra
 12217 | D:12     | Noticed a skeletal warrior
 12220 | D:12     | Reached XP level 12. HP: 106/110 MP: 15/17
 12398 | D:12     | Found a runed translucent gate.
 12398 | D:12     | Noticed Kazon's ghost (journeyman DsGl)
 12399 | D:12     | Found a runed translucent gate.
 12400 | D:12     | Found a runed translucent gate.
 12411 | D:12     | Noticed Frances
 12425 | D:12     | Gained mutation: Your magical capacity is low. (-10% MP) [a
                  | neqoxec]
 13046 | D:12     | Reached skill level 14 in Armour
 13117 | D:13     | Noticed a centaur warrior
 13118 | D:13     | Noticed a centaur warrior
 13199 | Lair:1   | Entered Level 1 of the Lair of Beasts
 13435 | Lair:1   | You fall into a shaft and drop 1 floor!
 14372 | Lair:2   | Reached skill level 15 in Armour
 14438 | Lair:2   | Found a staircase to the Snake Pit.
 14695 | Lair:2   | Found a staircase to the Swamp.
 14855 | Lair:2   | Noticed a six-headed hydra
 14863 | Lair:2   | Killed a six-headed hydra
 15074 | Lair:3   | Reached XP level 13. HP: 114/119 MP: 17/17
 16075 | Lair:4   | Reached skill level 16 in Armour
 16419 | Lair:4   | Reached skill level 10 in Invocations
 16450 | Lair:4   | Found a staircase to the Slime Pits.
 16735 | Lair:5   | Entered Level 5 of the Lair of Beasts
 16750 | Lair:4   | Reached ****** piety under Qazlal
 17104 | Lair:5   | Reached XP level 14. HP: 128/130 MP: 18/18
 17679 | Lair:5   | Reached skill level 17 in Armour
 19400 | Orc:1    | Entered Level 1 of the Orcish Mines
 19400 | Orc:1    | You fall into a shaft and drop 1 floor!
 19400 | Orc:2    | Entered Level 2 of the Orcish Mines
 19400 | Orc:2    | Noticed an orc warlord
 19413 | Orc:2    | Killed an orc warlord
 19478 | Orc:2    | Found Noul's Armour Shop.
 19541 | Orc:2    | Found Yrhirchue's Jewellery Boutique.
 19575 | Orc:2    | Bought a ring of poison resistance for 240 gold pieces
 19575 | Orc:2    | Bought a ring of see invisible for 180 gold pieces
 19575 | Orc:2    | Bought a +6 ring of strength for 432 gold pieces
 20580 | Orc:2    | Found Ipimeos's Distillery.
 20588 | Orc:2    | Bought a potion of resistance for 130 gold pieces
 20588 | Orc:2    | Bought a potion of heal wounds for 65 gold pieces
 20588 | Orc:2    | Bought a potion of heal wounds for 65 gold pieces
 20595 | Orc:2    | Found Ywakk's Assorted Antiques.
 20610 | Orc:2    | Bought a scroll of fear for 124 gold pieces
 20610 | Orc:2    | Bought a scroll of teleportation for 93 gold pieces
 20694 | Orc:2    | Identified the +2 dagger "Neyciel" {freeze, rC+ Str-2 SInv}
 20838 | Orc:2    | Found a staircase to the Elven Halls.
 20917 | Orc:2    | Paralysed by an orc sorcerer for 5 turns
 20928 | Orc:2    | Reached skill level 15 in Shields
 21607 | D:12     | Noticed Gastronok
 21635 | D:12     | Killed Gastronok
 21636 | D:12     | Reached skill level 15 in Fighting
 21636 | D:12     | Reached XP level 15. HP: 124/141 MP: 12/20
 21647 | D:12     | Killed Frances
 22109 | D:13     | Reached skill level 15 in Axes
 22129 | D:13     | Noticed Jorgrun
 22142 | D:13     | Killed Jorgrun
 22194 | D:13     | Found a transporter.
 22194 | D:13     | Noticed Xyoprad's ghost (journeyman FoFi)
 22200 | D:13     | Found a transporter.
 22242 | D:13     | Reached skill level 18 in Armour
 22313 | D:13     | Found a gate to the Vaults.
 22611 | D:13     | Found a sacrificial altar of Ru.
 22845 | D:14     | Noticed Lodul
 22854 | D:14     | Killed Lodul
 22856 | D:14     | Noticed Josephine
 22872 | D:14     | Killed Josephine
 22916 | D:14     | Found a bloodstained altar of Trog.
 23254 | D:14     | Acquired a manual of Evocations
 23406 | D:15     | Entered Level 15 of the Dungeon
 23485 | D:15     | Reached skill level 1 in Evocations
 23814 | D:15     | Found a white marble altar of Elyvilon.
 23815 | D:15     | Found a glowing golden altar of the Shining One.
 23958 | D:15     | Found a glowing silver altar of Zin.
 24096 | D:15     | Reached XP level 16. HP: 124/151 MP: 21/21
 24122 | D:15     | Found a staircase to the Depths.
 24401 | D:12     | Killed Kazon's ghost
 24442 | D:12     | Identified the +5 chain mail "Eciomouj" {Contam Str+5}
 24526 | Snake:1  | Entered Level 1 of the Snake Pit
 24534 | Snake:1  | Noticed Kirke
 24641 | Snake:1  | Killed Kirke
 24700 | Snake:1  | Found a frozen archway.
 24718 | IceCv    | Entered an ice cave
 24911 | IceCv    | Identified the +2 pair of boots of Wibomap {-Tele Rampage
                  | Drain rCorr SInv}
 24947 | IceCv    | Identified the +4 great mace of Equilibrium {holy, Str-4
                  | Dex+6}
 24985 | IceCv    | Reached skill level 19 in Armour
 25586 | Snake:1  | Lost mutation: Your magical capacity is low. (-10% MP)
                  | [potion of mutation]
 25586 | Snake:1  | Gained mutation: Your flesh is heat resistant. (rF+)
                  | [potion of mutation]
 25586 | Snake:1  | Gained mutation: You expend magic power (3 MP) to
                  | strengthen your wands. [potion of mutation]
 25586 | Snake:1  | Gained mutation: You passively map a small area around you.
                  | [potion of mutation]
 25723 | Snake:1  | Found Pyqeppudd's Armour Shoppe.
 26537 | Snake:2  | Reached skill level 5 in Evocations
 27737 | Snake:3  | Reached XP level 17. HP: 129/161 MP: 26/26
 27765 | Snake:3  | Found a flickering gateway to a bazaar.
 27832 | Bazaar   | Entered a bazaar
 27834 | Bazaar   | Found Fiott's Armour Boutique.
 27838 | Bazaar   | Found Buyppex's Magic Scroll Boutique.
 27838 | Bazaar   | Found Beibiang's Distillery.
 27839 | Bazaar   | Found Onoicsakk's Distillery.
 27849 | Bazaar   | Bought a scroll of enchant weapon for 97 gold pieces
 27872 | Bazaar   | Bought a potion of resistance for 190 gold pieces
 27872 | Bazaar   | Bought a potion of cancellation for 152 gold pieces
 27872 | Bazaar   | Bought a potion of might for 76 gold pieces
 27872 | Bazaar   | Bought a potion of might for 76 gold pieces
 27872 | Bazaar   | Bought 2 potions of curing for 114 gold pieces
 27882 | Bazaar   | Bought a potion of curing for 36 gold pieces
 27882 | Bazaar   | Bought 2 potions of heal wounds for 120 gold pieces
 27882 | Bazaar   | Bought a potion of cancellation for 96 gold pieces
 27882 | Bazaar   | Bought a potion of haste for 120 gold pieces
 27882 | Bazaar   | Bought a potion of curing for 36 gold pieces
 27887 | Bazaar   | Bought a scroll of teleportation for 39 gold pieces
 27887 | Bazaar   | Bought a scroll of teleportation for 39 gold pieces
 27887 | Bazaar   | Bought a scroll of magic mapping for 97 gold pieces
 27887 | Bazaar   | Bought a scroll of teleportation for 39 gold pieces
 27887 | Bazaar   | Bought a scroll of teleportation for 39 gold pieces
 27918 | Snake:3  | Found a glowing golden altar of the Shining One.
 28127 | Snake:3  | Found a shimmering blue altar of Sif Muna.
 28577 | Snake:4  | Entered Level 4 of the Snake Pit
 28968 | Snake:4  | Reached skill level 20 in Armour
 28998 | Snake:4  | Got a serpentine rune of Zot
 29118 | Snake:4  | Found a runed translucent door.
 29119 | Snake:4  | Found a shimmering altar of Xom.
 29119 | Snake:4  | Noticed FizzleBangTC's ghost (journeyman MeEE)
 29959 | Elf:1    | Entered Level 1 of the Elven Halls
 29991 | Elf:1    | Noticed Zenata
 30017 | Elf:1    | Killed Zenata
 30250 | Elf:1    | Reached XP level 18. HP: 128/172 MP: 27/27
 30357 | Elf:1    | Got the Writings on Conflict
 30736 | Elf:1    | Paralysed by an air elemental for 1 turns
 30739 | Elf:1    | Paralysed by an air elemental for 1 turns
 30745 | Elf:1    | Paralysed by an air elemental for 1 turns
 31299 | Elf:2    | Found a runed translucent gate.
 31301 | Elf:2    | Found a runed translucent gate.
 31305 | Elf:2    | Found a runed translucent gate.
 31700 | Elf:2    | Found a portal to a secret trove of treasure.
 31933 | Elf:2    | Reached skill level 15 in Invocations
 32584 | Elf:3    | Entered Level 3 of the Elven Halls
 33014 | Elf:3    | Noticed Aizul
 33021 | Elf:3    | Killed Aizul
 33265 | Elf:3    | Reached skill level 21 in Armour
 33278 | Abyss:3  | Found a corrupted altar of Lugonu.
 33278 | Abyss:3  | Cast into level 3 of the Abyss (a deep elf demonologist)
 33291 | Abyss:3  | Found a corrupted altar of Lugonu.
 33357 | Abyss:3  | Noticed a bone dragon
 33391 | Abyss:3  | Noticed a hellephant
 33471 | Abyss:3  | Killed a hellephant
 33485 | Abyss:3  | Succumbed to a green very ugly thing's poison

Illustrated notes

Levels and vault maps discovered:
D:1:      saegor_arrival_under_anarchy, layout_basic,
          shapermc_ecumenical_altar_hornbeckon
D:2:      cheibrodos_old_hovel, layout_loops_ring, serial_shops,
          nicolae_shop_temple_entry_statues_fountains
D:3:      layout_rooms, kennysheep_path_1
D:4:      layout_gridville
D:5:      layout_loops_ring, chequers_temple_overflow_statue_of_worship,
          minmay_fractal_squares_5
D:6:      minmay_goblin_kobold_castle, layout_loops_ring
D:7:      layout_basic, kennysheep_mini, minmay_temple_entry_drinking_statues
D:8:      minmay_s_stair_smasher, layout_rooms, nicolae_ossuary_entry_monument,
          serial_shops, shop, kennysheep_generic_room_6, uniq_pikel, uniq_psyche
D:9:      layout_long_grid, uniq_grum
D:10:     lemuel_slime, layout_basic, david_orc_4, minivault_16,
          minmay_strange_pillars, uniq_sonja
D:11:     layout_roguey, lair_entry_dummy, uniq_amaemon
D:12:     layout_basic, biasface_ghost_orc_armoury, uniq_gastronok, uniq_frances
D:13:     layout_rooms, grunt_vaults_entry_fortified, gammafunk_ghost_arena,
          nicolae_ru_the_path_less_chosen, uniq_jorgrun
D:14:     layout_basic, trog_three_pillars_becter, kennysheep_small_circle,
          uniq_lodul, uniq_josephine
D:15:     gammafunk_enter_depths_forms, layout_cave_pools, good_gods_temple_1,
          nzn_life_drinkers
Lair:1:   lemuel_ratsnest, layout_gridlike, beast_lair_carwin_6
Lair:2:   layout_roguey, minmay_swamp_entry_swarm,
          minmay_snake_entry_six_corridors, nicolae_quartered_pool_little
Lair:3:   wander_river, layout_loops_ring
Lair:4:   layout_misc_corridors, slime_entry_1
Lair:5:   hangedman_lair_tendril_chambers, layout_regular_city,
          guppyfry_lair_end_dragon, grunt_forest_large_clearing_hut,
          serial_bayou_shore_a, infiniplex_staircase_pool
Snake:1:  layout_cave_shapes, serial_shops, nicolae_shop_trees,
          portal_ice_cave_entry_pillars_1, grunt_megastairs_5,
          serial_bayou_shore_b, uniq_kirke
Snake:2:  layout_chambers, nicolae_snake_springs, grunt_megastairs_3
Snake:3:  cheibrodos_snake_ritualist_ritual, layout_cave_pods, serial_shops,
          bzr_entry_lakeside, hangedman_feature_mirror, st_stairs_7
Snake:4:  grunt_snake_rune_pools, layout_cave_town, ebering_ghost_xom,
          st_stairs_6, guppyfry_snake_island
Orc:1:    layout_caves
Orc:2:    pubby_orc_utopia
Elf:1:    layout_onion_city, minmay_elf_sorcery, amcnicky_mini_corridor_feature,
          uniq_zenata
Elf:2:    elven_hall_of_blades_hangedman_original
          [nicolae_vaults_blade_armed_guards], layout_geoelf_octagon,
          enter_trove_1
Elf:3:    minmay_elf_hall_curves, layout_rooms, grunt_ministairs_6,
          grunt_megastairs_1, uniq_aizul
Abyss:3:  base: Crypt:1, spicy_abyss_pitcher_plant,
          grunt_abyss_rune_wretched_hive

Skill      XL: |  1  2  3  4  5  6  7  8  9 10 11 12 13 14 15 16 17 18 |
---------------+-------------------------------------------------------+-----
Armour         | 4 5 6 7 9 11 13 15 16 17 18 19 20 21 | 21.0
Shields        | 4 5 6 7 9 10 11 12 13 15 16 17 18 19 | 19.1
Fighting       | 4 5 6 7 8 10 11 12 13 15 16 17 18 19 | 19.0
Axes           | 3 4 5 6 7 8 9 11 12 13 14 15 16 17 18 | 18.0
Invocations    | 1 3 5 6 8 9 10 11 12 13 14 15 | 15.5
Evocations     | 2 5 7 9 |  9.1

Action                   |  1- 3 |  4- 6 |  7- 9 | 10-12 | 13-15 | 16-18 || total
-------------------------+-------+-------+-------+-------+-------+-------++-------
Melee: War axe           |    73 |   156 |   327 |   127 |       |       ||   683
       Headbutt          |     6 |    21 |    71 |   132 |   243 |   242 ||   715
       Broad axe         |       |       |       |   439 |  1042 |  1109 ||  2590
Throw: Throwing net      |       |       |     2 |       |       |       ||     2
       Dart              |       |       |       |     2 |       |       ||     2
Invok: Disaster Area     |       |       |       |     1 |     3 |     8 ||    12
       Elemental Force   |       |       |       |     3 |    10 |    11 ||    24
       Upheaval          |       |       |       |     3 |     1 |     2 ||     6
Evoke: Wand              |       |       |    11 |    21 |     7 |     5 ||    44
       Piece from Xom's  |       |       |       |     1 |     1 |       ||     2
  Use: Potion            |       |     3 |     2 |     2 |     5 |    14 ||    26
       Scroll            |       |       |    23 |     9 |     6 |    16 ||    54
 Stab: Invisible         |       |       |     1 |       |       |       ||     1
       Petrified         |       |       |       |       |     7 |       ||     7
       Petrifying        |       |       |       |       |     6 |       ||     6
       Paralysed         |       |       |       |       |       |     6 ||     6
Armor: Scale mail        |    44 |   104 |   138 |   149 |   301 |   105 ||   841
       Crystal plate arm |       |       |       |       |       |   260 ||   260
Dodge: Dodged            |    39 |    93 |   168 |   182 |   270 |   159 ||   911
       Repelled          |       |       |       |     2 |     5 |    25 ||    32
Block: Buckler           |    15 |    34 |   160 |    14 |       |       ||   223
       Kite shield       |       |       |       |   492 |  1192 |   526 ||  2210
       Tower shield      |       |       |       |       |       |   836 ||   836
